 Dungeon Crawl Stone Soup version 0.28-a0-578-g717728bcc0 (webtiles) character file.

Game seed: 9997252299384124895

4 Conn the Firebug (level 1, -4/11 HPs)
             Began as an Octopode Fire Elementalist on Oct 2, 2021.
             Slain by a hobgoblin (5 damage)
             ... on level 1 of the Dungeon.
             The game lasted 00:01:52 (332 turns).

Conn the Firebug (Octopode Fire Elementalist)        Turns: 332, Time: 00:01:53

Health: -4/11      AC:  1    Str:  7    XL:     1   Next: 60%
Magic:  1/3        EV: 13    Int: 17    God:
Gold:   0          SH:  0    Dex: 12    Spells: 3/4 levels left

rFire   . . .      SeeInvis .   (no weapon)
rCold   . . .      Faith    .   (no shield)
rNeg    . . .      Spirit   .   (helmet restricted)
rPois   .          Reflect  .   (no amulet)
rElec   .          Harm     .   (no ring)
rCorr   .          Rampage  .   (no ring)
Will    .....                   (no ring)
Stlth   +++.......              (no ring)
HPRegen 0.03/turn               (no ring)
MPRegen 0.08/turn               (no ring)
                                (no ring)
                                (no ring)

@: flying
A: almost no armour, amphibious, 8 rings, camouflage 1, gelatinous body 1,
(nimble swimmer 1), tentacles
a: no special abilities


You were on level 1 of the Dungeon.
You visited 1 branch of the dungeon, and saw 1 of its levels.

Inventory:

Missiles
 b - 5 silver javelins
Scrolls
 a - a scroll of enchant weapon {unknown}
 c - a scroll of identify {unknown}
 d - a scroll of amnesia {unknown}
 f - a scroll of fear {unknown}


   Skills:
 + Level 2.0 Dodging
 + Level 2.8 Stealth
 + Level 2.1 Spellcasting
 + Level 1.0 Conjurations
 + Level 3.1 Fire Magic


You had 3 spell levels left.
You knew the following spells:

 Your Spells              Type           Power      Damage    Failure   Level
a - Foxfire               Conj/Fire      32%        2x1d5     9%          1

Your spell library contained the following spells:

 Spells                   Type           Power      Damage    Failure   Level
 Scorch                   Fire           24%        2d6       9%          2
 Conjure Flame            Conj/Fire      8%         6-21      24%         3
 Inner Flame              Hex/Fire       7%         N/A       30%         3
 Flame Wave               Conj/Fire      8%         3d4       63%         4


Dungeon Overview and Level Annotations

Branches:
Dungeon (1/15)

Altars:


Innate Abilities, Weirdness & Mutations

You cannot wear most types of armour.
You are amphibious.
You can wear up to eight rings at the same time.
Your skin changes colour to match your surroundings (Stealth+).
Your rubbery body absorbs attacks. (AC +1, EV +1)
((You are camouflaged near water. (Stealth+)))
You have tentacles for arms and can constrict up to eight enemies at once.


Message History

You are very lightly contaminated with residual magic.
Nothing appears to happen.
The bat hits you but does no damage. x2
Unknown command.
The bat closely misses you. The bat hits you.
* * * LOW HITPOINT WARNING * * *
It was a potion of flight.
You feel very buoyant.
You fly up into the air.
The bat barely misses you.
Okay, then.
You aren't carrying any potions.
The bat hits you.
* * * LOW HITPOINT WARNING * * *
Your magical contamination has completely faded away.
The bat closely misses you.
Casting: Foxfire (safe; 9% risk of failure)
Confirm with . or Enter, or press ? or * to list all spells.
You conjure some foxfire!
Unknown command.
The foxfire hits the hobgoblin but does no damage.
The foxfire hits the hobgoblin.
The hobgoblin is almost dead.
Unknown command.
The bat hits you but does no damage. The bat misses you.
You closely miss the bat. You grab the bat.
The bat is moderately wounded.
You constrict the bat. The bat barely misses you.
The bat escapes!
The bat hits you but does no damage. The bat misses you. The bat misses you.
The bat barely misses you. The bat hits you but does no damage.
The bat hits you.
* * * LOW HITPOINT WARNING * * *
Casting: Foxfire (safe; 9% risk of failure)
Confirm with . or Enter, or press ? or * to list all spells.
You conjure some foxfire!
The bat hits you but does no damage. The hobgoblin hits you.
You die...

#>.g.................
#.#.b...#...#.....###
#.###...#.###.######.
#.###...#.#..b# ###.
#g......#.#g..# #...
#b####..#.....# #.##
#.# #..#..#######.##
#g####..#..#.......#.
###..g@v......g........
#....b.v..#..#.#.......
#.######.##..#....#####
#.....#......##########
#####.#.####...........
#.#......### ######
#..........# #...
#####.####.# #.## ##.##
#...


You could see 2 hobgoblins and a bat.

Vanquished Creatures
  A ball python (D:1)
  2 bats (D:1)
  2 kobolds (D:1)
5 creatures vanquished.

Vanquished Creatures (others)
  20 foxfires (D:1)
20 creatures vanquished.

Grand Total: 25 creatures vanquished

Notes
Turn   | Place    | Note
-------+----------+-------------------------------------------
     0 | D:1      | Conn the Octopode Fire Elementalist began the quest for the
                  | Orb.
     0 | D:1      | Reached XP level 1. HP: 11/11 MP: 3/3
   332 | D:1      | Slain by a hobgoblin

Illustrated notes

Levels and vault maps discovered:
D:1:      pf_arrival_petrified_forest, layout_basic

Action                   || total
-------------------------++-------
Melee: Unarmed           ||     5
       Constrict         ||     3
 Cast: Foxfire           ||    14
  Use: Potion            ||     1
Armor: Skin              ||    11
Dodge: Dodged            ||    41

Table legend: (Time is in decaauts)
 A = Elapsed time spent in this place.
 B = Non-inter-level travel time spent in this place.
 C = Inter-level travel time spent in this place.
 D = Time resting spent in this place.
 E = Time spent auto-exploring this place.
 F = Levels seen in this place.
 G = Mean time per level.
                   A        B        C        D        E       F      G
               +--------+--------+--------+--------+--------+-----+--------+
         Total |    332 |    332 |      0 |      0 |    176 |   1 |  332.0 |
       Dungeon |    332 |    332 |      0 |      0 |    176 |   1 |  332.0 |
               +--------+--------+--------+--------+--------+-----+--------+

Top non-repeatable levels by time:
     D:1: 332 daAuts
